 Dungeon Crawl Stone Soup version 0.31-a0-963-ga325b2283a (webtiles) character file.

Game seed: 9004683880325593795

758 LeprechaunX the Changeling (level 7, -2/46 HPs)
             Began as an Octopode Shapeshifter on Oct 25, 2023.
             Slain by a gnoll
             ... wielding a +0 halberd
             ... led by a gnoll sergeant
              (13 damage)
             ... on level 6 of the Dungeon.
             The game lasted 00:05:36 (4427 turns).

LeprechaunX the Changeling (Octopode Shapeshifter)  Turns: 4427, Time: 00:05:36

Health: -2/46      AC:  1    Str: 13    XL:     7   Next: 80%
Magic:  16/16      EV: 11    Int: 12    God:
Gold:   217        SH:  8    Dex: 14    Spells: 6/6 levels left

rFire   . .          .
                       - Unarmed
rCold   . . .        A - +0 kite shield
rNeg    . . .        (helmet currently unavailable)
rPois   .            (no amulet)
rElec   .            i - ring of magical power
rCorr   .            (no ring)
SInv    .            (no ring)
Will    .....        (no ring)
Stlth   ++           (no ring)
HPRegen 0.27/turn    (no ring)
MPRegen 0.15/turn    (no ring)
                     (no ring)

%: no passive effects
@: beast-form
A: beast (slay +3), almost no armour, amphibious, 8 rings, camouflage 1,
gelatinous body 1, (nimble swimmer 1), tentacles
a: Begin Untransformation


You were on level 6 of the Dungeon.
You were a hulking beast.
You visited 2 branches of the dungeon, and saw 7 of its levels.

You collected 217 gold pieces.

Inventory:

Hand Weapons
 a - a +0 sling
Missiles
 g - 5 javelins
Armour
 A - a +0 kite shield (worn)
Jewellery
 i - a ring of magical power (left tentacle)
Talismans
 b - a beast talisman
 c - a flux talisman
Wands
 y - a wand of iceblast (2) (quivered)
Scrolls
 d - 3 scrolls of noise {unknown}
 e - a scroll of vulnerability {unknown}
 j - 2 scrolls of teleportation {unknown}
 k - 2 scrolls of identify {unknown}
 l - 2 scrolls of fear {unknown}
 n - a scroll of revelation {unknown}
 p - a scroll of enchant armour {unknown}
 r - a scroll of enchant weapon {unknown}
 s - 3 scrolls of poison {unknown}
 t - a scroll of blinking {unknown}
 v - 2 scrolls of amnesia {unknown}
Potions
 f - a potion of magic {unknown}
 h - 3 potions of curing {unknown}
 m - 3 potions of resistance {unknown}
 o - 2 potions of mutation {unknown}
 q - a potion of lignification
 u - 2 potions of enlightenment {unknown}
 w - 2 potions of heal wounds {unknown}
 x - a potion of attraction {unknown}
 z - a potion of berserk rage {unknown}


   Skills:
 + Level 3.6 Fighting
 + Level 3.2 Ranged Weapons
 - Level 2.0 Dodging
 + Level 0.9 Shields
 + Level 4.6 Unarmed Combat
 + Level 1.3 Evocations
 * Level 5.6 Shapeshifting


You had 6 spell levels left.
You didn't know any spells.
Your spell library contained the following spells:

 Spells                   Type           Power      Damage    Failure   Level
 Magic Dart               Conj           0%         1d3       78%         1
 Call Imp                 Summ           0%         N/A       89%         2
 Ensorcelled Hibernation  Hex/Ice        0%         N/A       89%         2
 Passwall                 Tmut/Erth      0%         N/A       89%         2
 Mephitic Cloud           Conj/Pois/Air  0%         N/A       98%         3
 Swiftness                Air            0%         N/A       98%         3


Dungeon Overview and Level Annotations

Branches:
Dungeon (6/15)             Temple (1/1) D:4

Altars:
Ashenzari
Cheibriados
Dithmenos
Elyvilon
Fedhas
Gozag
Kikubaaqudgha
Makhleb
Nemelex Xobeh
Okawaru
Trog
Uskayaw
Vehumet
Yredelemnul
Zin
The Shining One

Shops:
D:2 =


Innate Abilities, Weirdness & Mutations

You are a hulking beast.
Your limbs bulge with bestial killing power. (Slay +3)
You cannot wear most types of armour.
You are amphibious.
You can wear up to eight rings at the same time.
Your skin changes colour to match your surroundings (Stealth+).
Your rubbery body absorbs attacks. (AC +1, EV +1)
((You are camouflaged when in or above water. (Stealth+)))
You have tentacles for arms and can constrict up to eight enemies at once.


Message History

You squeeze the gnoll.
The gnoll is severely wounded.
You constrict the gnoll. The gnoll barely misses you.
You tentacle-slap the gnoll.
You kill the gnoll!
You block the gnoll sergeant's attack. You block the gnoll sergeant's attack.
The gnoll hits you with a +0 spear.
You tentacle-slap the gnoll sergeant. You grab the gnoll sergeant.
You squeeze the gnoll sergeant!
The gnoll sergeant is severely wounded.
You constrict the gnoll sergeant, but do no damage.
The gnoll sergeant hits you with a +0 spear of flaming!
The gnoll sergeant burns you. The gnoll hits you with a +0 spear!
The gnoll barely misses you.
You tentacle-slap the gnoll sergeant but do no damage.
You squeeze the gnoll sergeant.
The gnoll sergeant is severely wounded.
You constrict the gnoll sergeant, but do no damage.
You block the gnoll sergeant's attack. The gnoll barely misses you.
The gnoll hits you from afar with a +0 halberd!
Unknown command.
You tentacle-slap the gnoll sergeant.
The gnoll sergeant is almost dead.
You constrict the gnoll sergeant.
The gnoll sergeant hits you with a +0 spear of flaming.
* * * LOW HITPOINT WARNING * * *
The gnoll sergeant burns you.
* * * LOW HITPOINT WARNING * * *
The gnoll barely misses you. x2
You tentacle-slap the gnoll sergeant but do no damage.
The gnoll sergeant is almost dead.
You constrict the gnoll sergeant.
You kill the gnoll sergeant!
You block the gnoll's attack. x2
Unknown command.
You tentacle-slap the gnoll. Your grab misses the gnoll.
The gnoll is moderately wounded.
The gnoll misses you.
The gnoll hits you from afar with a +0 halberd!
You die...

....... #....$...
.......## #........
........###........
..................
........#.........
........#.....#
..............#
.##.##<..)...#
#.....)h##
#......g)$.#
#..##...g..#
.....#.......#
....####......#
...# ##.....# ###
#.#.>.. ###...##


You could see 2 gnolls.

Vanquished Creatures
  Sigmund (D:2)
  2 gnoll sergeants
  6 hounds
  A sleepcap (D:6)
  An iguana (D:5)
  3 adders
  7 gnolls
  A shadow imp (D:5)
  2 ufetubi (D:5)
  3 worms
  4 dart slugs
  15 orcs
  5 ball pythons
  7 bats
  10 endoplasms
  3 giant cockroaches
  9 goblins
  7 hobgoblins
  3 jackals (D:1)
  A quokka (D:5)
  8 frilled lizards
  8 kobolds
  5 rats
112 creatures vanquished.

Notes
Turn   | Place    | Note
-------+----------+-------------------------------------------
     0 | D:1      | LeprechaunX the Octopode Shapeshifter began the quest for
                  | the Orb.
     0 | D:1      | Reached XP level 1. HP: 13/13 MP: 1/1
   177 | D:1      | Reached XP level 2. HP: 8/18 MP: 2/2
   418 | D:1      | Reached XP level 3. HP: 23/23 MP: 3/3
   929 | D:2      | Reached skill level 1 in Ranged Weapons
  1048 | D:2      | Found Horoar's One-of-a-Kind Rings.
  1149 | D:2      | Reached XP level 4. HP: 27/29 MP: 4/4
  1403 | D:2      | Noticed Sigmund
  1421 | D:2      | Killed Sigmund
  1422 | D:2      | Reached skill level 4 in Shapeshifting
  1422 | D:2      | Reached XP level 5. HP: 20/35 MP: 5/5
  1615 | D:3      | Found an ancient bone altar of Kikubaaqudgha.
  1709 | D:3      | Reached XP level 6. HP: 41/41 MP: 6/6
  1722 | D:3      | Noticed a glass eye
  1724 | D:3      | Found a faded altar of an unknown god.
  1726 | D:3      | Noticed a great orb of eyes
  1726 | D:3      | Noticed a golden eye
  1726 | D:3      | Noticed an eye of devastation
  2981 | D:4      | Found a blossoming altar of Fedhas.
  2981 | D:4      | Found a white marble altar of Elyvilon.
  3007 | D:4      | Found a staircase to the Ecumenical Temple.
  3531 | Temple   | Entered the Ecumenical Temple
  3569 | D:5      | Entered Level 5 of the Dungeon
  3610 | D:5      | Reached skill level 5 in Shapeshifting
  3694 | D:5      | Found a basalt altar of Yredelemnul.
  3788 | D:5      | Reached XP level 7. HP: 40/46 MP: 7/7
  4051 | D:5      | Found a hide-covered altar of Uskayaw.
  4188 | D:5      | Reached skill level 1 in Evocations
  4270 | D:5      | Found a sparkling altar of Nemelex Xobeh.
  4427 | D:6      | Slain by a gnoll

Illustrated notes

Levels and vault maps discovered:
D:1:      nagdon_arrival_double_spiral, layout_basic, st_stairs_11
D:2:      layout_basic, nicolae_shop_unique_rings, supply_closet_lemuel,
          grunt_decor_junction, uniq_sigmund
D:3:      minmay_razor_zed, layout_basic, mainiacjoe_overflow_catwalk,
          hellmonk_ecumenical_altar_watching_god, minivault_19
D:4:      layout_loops_ring, gammafunk_temple_overflow_elements, temple_doors_e
D:5:      layout_gridville, eat_drink_and_be_merry_uskayaw,
          mainiacjoe_overflow_concentric_impassable,
          nemelex_diamond_rough_becter
D:6:      layout_cave_pools
Temple:   zaba_magenta_temple

Skill      XL: |  1  2  3  4  5  6  7 |
---------------+----------------------+-----
Ranged Weapons | 1 2 3 |  3.2
Fighting       | 2 3 |  3.6
Shapeshifting  | 4 5 |  5.6
Unarmed Combat | 4 |  4.6
Evocations     | 1 |  1.3
Dodging        | |  2.0
Shields        | |  0.9

Action                     |  1- 3 |  4- 6 |  7- 9 || total
---------------------------+-------+-------+-------++-------
  Melee: Unarmed           |    79 |   110 |    28 ||   217
         Tentacles         |    12 |    23 |     6 ||    41
         Constrict         |    19 |    25 |     8 ||    52
         Punch             |     2 |     1 |     2 ||     5
   Fire: Sling             |       |    32 |     7 ||    39
  Evoke: Wand              |       |       |     3 ||     3
    Use: Potion            |       |     1 |       ||     1
   Stab: Sleeping          |     9 |     9 |       ||    18
         Distracted        |       |     1 |       ||     1
 Armour: Skin              |    26 |    38 |    19 ||    83
  Dodge: Dodged            |    38 |    56 |    25 ||   119
  Block: Kite shield       |       |       |     9 ||     9

Table legend: (Time is in decaauts)
 A = Elapsed time spent in this place.
 B = Non-inter-level travel time spent in this place.
 C = Inter-level travel time spent in this place.
 D = Time resting spent in this place.
 E = Time spent auto-exploring this place.
 F = Levels seen in this place.
 G = Mean time per level.
                   A        B        C        D        E       F      G
               +--------+--------+--------+--------+--------+-----+--------+
         Total |   4422 |   4181 |    241 |    131 |   3365 |   7 |  631.7 |
       Dungeon |   4402 |   4179 |    223 |    131 |   3365 |   6 |  733.7 |
        Temple |     19 |      1 |     18 |      0 |      0 |   1 |   19.0 |
               +--------+--------+--------+--------+--------+-----+--------+

Top non-repeatable levels by time:
     D:3: 1208 daAuts
     D:2: 913 daAuts
     D:5: 841 daAuts
     D:4: 743 daAuts
     D:1: 676 daAuts
  Temple: 19 daAuts
     D:6: 19 daAuts
